 Dungeon Crawl Stone Soup version 0.28-a0-1435-g82390b3a13 (webtiles) character file.

Game seed: 12230130118681412634

1336 freelancePsychic the Poker (level 8, -5/67 HPs)
             Began as a Demonspawn Abyssal Knight on Jan 10, 2022.
             Was a Believer of Lugonu.
             Slain by a small abomination (8 damage)
             ... on level 4 of the Dungeon.
             The game lasted 00:10:30 (6797 turns).

freelancePsychic the Poker (DsAK)                   Turns: 6797, Time: 00:10:31

Health: -5/67      AC:  8    Str: 15    XL:     8   Next: 35%
Magic:  12/12      EV:  9    Int: 12    God:    Lugonu [**....]
Gold:   194        SH:  0    Dex: 14    Spells: 7/7 levels left

rFire   . . .      SeeInvis .   a - +1 spear
rCold   . . .      Faith    .   (no shield)
rNeg    . . .      Spirit   .   f - +0 scale mail
rPois   .          Reflect  .   (helmet restricted)
rElec   +          Harm     .   (no cloak)
rCorr   .          Rampage  .   (no gloves)
Will    +....                   (no boots)
Stlth   ..........              (no amulet)
HPRegen 0.21/turn               (no ring)
MPRegen 0.13/turn               (no ring)

@: no status effects
A: horns 1, rugged brown scales 2, demonic guardian 2, demonic magic 1,
strong-willed 1, electricity resistance, evolution 1, subdued magic 1
a: Renounce Religion, Depart the Abyss, Bend Space


You were on level 4 of the Dungeon.
You worshipped Lugonu.
Lugonu was pleased with you.
You visited 1 branch of the dungeon, and saw 6 of its levels.
You visited the Abyss 1 time.

You collected 194 gold pieces.

Inventory:

Hand Weapons
 a - a +1 spear (weapon)
 e - a +0 dagger
Armour
 b - a +0 leather armour
 d - a +0 ring mail
 f - a +0 scale mail (worn)
 n - a +0 buckler
Jewellery
 i - a ring of protection from cold
 m - an amulet of magic regeneration
 o - a +6 ring of dexterity
Wands
 l - a wand of flame (4)
Scrolls
 g - a scroll of enchant weapon {unknown}
 j - a scroll of torment
 k - 3 scrolls of amnesia
 p - a scroll of vulnerability {unknown}
Potions
 c - 2 potions of attraction
 h - a potion of ambrosia {unknown}


   Skills:
 + Level 6.1 Fighting
 * Level 3.3 Short Blades
 - Level 6.1 Polearms
 - Level 1.7 Armour
 - Level 0.8 Dodging
 - Level 6.0 Invocations


You had 7 spell levels left.
You didn't know any spells.
Your spell library was empty.

Dungeon Overview and Level Annotations

Branches:
Dungeon (6/15)             Temple (0/1) D:4

Altars:
Fedhas
Yredelemnul
The Shining One

Shops:
D:5 :

Portals:
Abyss: D:4

Annotations:
D:4 hashsling's ghost, weakling GrWn


Innate Abilities, Weirdness & Mutations

You have a pair of small horns on your head.
You are mostly covered in rugged brown scales. (AC +2, +5% HP)
A demonic guardian rushes to your aid.
Spells you cast may paralyse adjacent enemies.
You are strong-willed. (Will+)
You are resistant to electric shocks. (rElec)
You have hidden genetic potential.
Your spells are a little easier to cast, but a little less powerful.


Message History

The small abomination is moderately damaged.
The small abomination hits you. The iron imp hits you.
You hit the small abomination. You headbutt the small abomination.
The small abomination is severely damaged.
The small abomination hits you.
The iron imp hits you but does no damage.
You closely miss the small abomination.
The small abomination is severely damaged.
The small abomination hits you.
* * * LOW HITPOINT WARNING * * *
You hit the small abomination but do no damage.
Your headbutt misses the small abomination.
The small abomination is severely damaged.
The small abomination hits you but does no damage.
The iron imp picks up a beetle and eats it.
The iron imp closely misses you.
You closely miss the small abomination.
The small abomination is severely damaged.
The small abomination hits you.
* * * LOW HITPOINT WARNING * * *
The iron imp barely misses you.
You hit the small abomination but do no damage.
Your headbutt misses the small abomination.
The small abomination is severely damaged.
The small abomination hits you!
* * * LOW HITPOINT WARNING * * *
A demonic guardian appears!
The small abomination hits you.
* * * LOW HITPOINT WARNING * * *
The iron imp summons a swarm of flies.
Your ice devil hits the iron imp.
Your ice devil freezes the iron imp!
The iron imp resists.
Press: ? - help, v - describe, . - travel A rock wall.
The iron imp hits your ice devil.
Your ice devil barely misses the iron imp.
The iron imp laughs crazily.
The iron imp hits something.
The small abomination hits you!
You die...

#.....'.....................##.#
##.....#.#....#.).######...).##.#
.........#....#.##########...##.#
.........#....................#'#
#........#.####).........#.......
##©.............#######....).....
.####....#.####.# #....<.....
.∩©.##...#.####.#######.##.###...
.#.#.#......4..x@.........># #...
#.5.##....5###..#...######## #...
##W##...#..###..#...# #..#
#.###...5....#.....## #..#
.#.^##..4....#.....## #..#
#....#©......#......# #..#
..^.##.......#.#....# #...
#..##........#.#....# #.##
##.#....#..###)#....# #.#


You could see a small abomination (ally target), an iron imp and a friendly ice
devil (summoned).

Vanquished Creatures
  Grinder (D:5)
  2 necrophages
  3 phantoms
  A scorpion (D:4)
  2 howler monkeys (D:5)
  An orc priest (D:5)
  A hound (D:5)
  2 iguanas (D:4)
  3 orc wizards
  4 gnolls
  A howler monkey skeleton (D:5)
  3 adders
  An ufetubus (D:5)
  2 worms
  4 dart slugs
  8 orcs
  2 bats
  4 endoplasms
  2 giant cockroaches
  8 goblins
  3 jackals (D:5)
  2 quokkas
  6 ball pythons
  3 frilled lizards
  2 kobolds
  4 rats
75 creatures vanquished.

Vanquished Creatures (collateral kills)
  An ice beast (D:5)
  A scorpion (D:5)
  A water moccasin skeleton (D:4)
  2 orc wizards
  2 adders
  A worm (D:2)
  An orc (D:4)
  An endoplasm (D:2)
10 creatures vanquished.

Vanquished Creatures (others)
  An orc (D:6)
1 creature vanquished.

Grand Total: 86 creatures vanquished

Notes
Turn   | Place    | Note
-------+----------+-------------------------------------------
     0 | Abyss:1  | freelancePsychic the Demonspawn Abyssal Knight began the
                  | quest for the Orb.
     0 | Abyss:1  | Reached XP level 1. HP: 18/18 MP: 2/2
    60 | Abyss:1  | Noticed a spatial vortex
    60 | Abyss:1  | Noticed a spatial maelstrom
    61 | D:1      | Escaped the Abyss
   350 | D:1      | Reached * piety under Lugonu
   351 | D:1      | Gained mutation: A weak demonic guardian rushes to your
                  | aid. [demonic ancestry]
   351 | D:1      | Reached XP level 2. HP: 24/24 MP: 4/4
   757 | D:2      | Gained mutation: You have a pair of small horns on your
                  | head. [demonic ancestry]
   757 | D:2      | Reached XP level 3. HP: 29/29 MP: 5/5
  1835 | D:3      | Gained mutation: Spells you cast may paralyse adjacent
                  | enemies. [demonic ancestry]
  1835 | D:3      | Reached XP level 4. HP: 6/36 MP: 6/6
  2460 | D:3      | Found a blossoming altar of Fedhas.
  2721 | D:4      | Gained mutation: You are partially covered in rugged brown
                  | scales. (AC +1, +3% HP) [demonic ancestry]
  2721 | D:4      | Reached XP level 5. HP: 31/43 MP: 6/8
  2815 | D:4      | Found a basalt altar of Yredelemnul.
  2891 | D:4      | Found a transporter.
  2892 | D:4      | Found a one-way gate to the infinite horrors of the Abyss.
  2892 | D:4      | Noticed hashsling's ghost (weakling GrWn)
  2896 | D:4      | Found a transporter.
  2906 | D:4      | Noticed a necrophage
  2938 | D:4      | Killed a necrophage
  2990 | D:4      | Noticed a small abomination
  3020 | D:4      | Reached skill level 1 in Short Blades
  3020 | D:4      | Gained mutation: You are mostly covered in rugged brown
                  | scales. (AC +2, +5% HP) [demonic ancestry]
  3020 | D:4      | Reached XP level 6. HP: 20/50 MP: 9/9
  3021 | D:4      | Reached ** piety under Lugonu
  3292 | D:4      | Reached skill level 5 in Invocations
  3572 | D:4      | Found a staircase to the Ecumenical Temple.
  3613 | D:4      | Reached XP level 7. HP: 50/57 MP: 9/11
  3859 | D:5      | Entered Level 5 of the Dungeon
  4062 | D:5      | Reached skill level 5 in Fighting
  4062 | D:5      | Reached skill level 5 in Polearms
  4544 | D:5      | Gained mutation: You are strong-willed. (Will+) [potion of
                  | mutation]
  4544 | D:5      | Gained mutation: Your spells are a little easier to cast,
                  | but a little less powerful. [potion of mutation]
  4544 | D:5      | Gained mutation: You have hidden genetic potential. [potion
                  | of mutation]
  4545 | D:5      | HP: 2/58 [poisoned by a scorpion]
  4919 | D:5      | Found Koruhas's Book Boutique.
  4942 | D:5      | Noticed Grinder
  4981 | D:5      | Killed Grinder
  4982 | D:5      | Gained mutation: A demonic guardian rushes to your aid.
                  | [demonic ancestry]
  4982 | D:5      | Reached XP level 8. HP: 32/66 MP: 12/12
  5555 | D:5      | Identified the +1 robe of a Gauntlet {Harm rElec}
  6564 | D:5      | Gained mutation: You are resistant to electric shocks.
                  | (rElec) [hidden potential]
  6790 | D:4      | HP: 1/67 [small abomination (6)]
  6797 | D:4      | Slain by a small abomination

Illustrated notes

Levels and vault maps discovered:
D:1:      dpeg_arrival_connections, layout_rooms, serial_bayou_ford_a
D:2:      layout_loops_ring
D:3:      layout_loops_ring, mainiacjoe_overflow_big_doors, minmay_door_square
D:4:      layout_basic, mainiacjoe_overflow_surrounded_room,
          minmay_temple_entry_wispy, gammafunk_ghost_abyssal_escape,
          corexii_checkpoint_a
D:5:      layout_basic, serial_shops, kennysheep_mini,
          hangedman_decor_slide_cut, kennysheep_potato, uniq_grinder
D:6:      layout_cave_pools, nicolae_gozag_cash_rules_everything_around_me,
          chequers_serial_rivers_micro_d

Skill      XL: |  1  2  3  4  5  6  7  8 |
---------------+-------------------------+-----
Polearms       | 2 3 4 6 |  6.1
Invocations    | 3 4 5 6 |  6.0
Fighting       | 4 5 6 |  6.1
Short Blades   | 1 3 |  3.3
Armour         | |  1.7
Dodging        | |  0.8

Action                   |  1- 3 |  4- 6 |  7- 9 || total
-------------------------+-------+-------+-------++-------
Melee: Spear             |    95 |   136 |   216 ||   447
       Headbutt          |     6 |    31 |    33 ||    70
       Punch             |       |     2 |     5 ||     7
Invok: Depart the Abyss  |     1 |       |       ||     1
  Use: Potion            |     2 |       |     5 ||     7
       Scroll            |     2 |       |     3 ||     5
 Stab: Distracted        |       |     1 |     1 ||     2
Armor: Ring mail         |     8 |       |       ||     8
       Leather armour    |     1 |       |       ||     1
       Scale mail        |     9 |    30 |    74 ||   113
Dodge: Dodged            |    23 |    37 |    60 ||   120

Table legend: (Time is in decaauts)
 A = Elapsed time spent in this place.
 B = Non-inter-level travel time spent in this place.
 C = Inter-level travel time spent in this place.
 D = Time resting spent in this place.
 E = Time spent auto-exploring this place.
 F = Levels seen in this place.
 G = Mean time per level.
                   A        B        C        D        E       F      G
               +--------+--------+--------+--------+--------+-----+--------+
         Total |   6741 |   6509 |    232 |    925 |   4530 |   7 |  963.0 |
       Dungeon |   6680 |   6448 |    232 |    925 |   4474 |   6 | 1113.3 |
         Abyss |     61 |     61 |      0 |      0 |     56 |   1 |   61.0 |
               +--------+--------+--------+--------+--------+-----+--------+

Top non-repeatable levels by time:
     D:5: 2628 daAuts
     D:4: 1320 daAuts
     D:2: 1136 daAuts
     D:3: 1044 daAuts
     D:1: 507 daAuts
 Abyss:1: 61 daAuts
     D:6: 42 daAuts
